 Dungeon Sprint DCSS version 0.32-a0-629-g87aaac5c70 (webtiles) character file.

Game seed: 10564636657509971460

6679 Revguard the Prestidigitator (level 11, -1/96 HPs)
             Began as a Coglin Berserker on Mar 6, 2024.
             Was a High Priest of Trog.
             Slain by a red draconian
             ... wielding a +0 long sword
              (6 damage)
             ... in the Dungeon (Sprint V: "Ziggurat Sprint").
             The game lasted 00:06:06 (390 turns).

Revguard the Prestidigitator (Coglin Berserker)      Turns: 390, Time: 00:06:07

Health: -1/96      AC: 31    Str: 22    XL:     11   Next: 3%
Magic:  11/11      EV: 11    Int:  7    God:    Trog [*****.]
Gold:   0          SH:  0    Dex: 13    Spells: 10/10 levels left

rFire   . . .        u - +16 obsidian axe {drain, demonic, Mesm ^Drain Fly SInv}
rCold   . . .        v - +5 broad axe (drain) {Li}
rNeg    . . .        t - +15 Maxwell's patent armour {-Cast -Tele rElec Will+ rCorr}
rPois   .            (no helmet)
rElec   +            l - +0 cloak
rCorr   +            (no gloves)
SInv    +            (no boots)
Will    +....        (amulet unavailable) Stlth
                     (ring unavailable)
HPRegen 0.36/turn    (ring unavailable)
MPRegen 0.12/turn    (no gizmo)

%: no teleportation, no spellcasting
@: on berserk cooldown, flying, mesmerised, slowed, invisible, very slow
A: off-hand wielding, slow wielding, warmup strikes, no jewellery
a: Invent Gizmo, Renounce Religion, Berserk, Trog's Hand, Brothers in Arms


You were in the Dungeon.
You worshipped Trog.
Trog was extremely pleased with you.
You visited 1 branch

Inventory:

Hand Weapons
 u - the +16 obsidian axe (weapon) {drain, demonic, Mesm ^Drain Fly SInv}
   (You found it in the Dungeon)

   Mesm:      Its wielder is mesmerised by any visible foes, and it cannot be
   unequipped while any foes are visible.
   SInv:      It lets you see invisible.
   Fly:       It grants you flight.
   ^Drain:    It drains your maximum health when unequipped.
 v - a +5 broad axe of draining (offhand) {Li}
Armour
 l - a +0 cloak (worn)
 t - the +15 Maxwell's patent armour (worn) {-Cast -Tele rElec Will+ rCorr}
   (You found it in the Dungeon)

   rElec:     It insulates you from electricity.
   Will+:     It increases your willpower.
   -Cast:     It prevents spellcasting.
   -Tele:     It prevents most forms of teleportation.
   rCorr:     It protects you from acid and corrosion.
 w - the +7 plate armour of Distant Shores {rC+ Int-3 Dex+3 SInv Stlth+}
   (You found it in the Dungeon)

   Int-3:     It affects your intelligence (-3).
   Dex+3:     It affects your dexterity (+3).
   rC+:       It protects you from cold.
   SInv:      It lets you see invisible.
   Stlth+:    It makes you more stealthy.
Wands
 a - a wand of flame (7)
 q - a wand of mindburst (11)
 r - a wand of iceblast (7)
 s - a wand of quicksilver (7)
Scrolls
 i - 4 scrolls of blinking
 n - 7 scrolls of fog
 o - 5 scrolls of identify
 p - 2 scrolls of fear
Potions
 d - 9 potions of curing
 e - 4 potions of heal wounds
 f - 6 potions of haste
 g - 7 potions of magic
 h - 3 potions of berserk rage
 j - a potion of invisibility
 k - 4 potions of resistance
 m - 6 potions of might


   Skills:
 + Level 12.4 Fighting
 + Level 12.4 Axes
 + Level 11.0 Armour
 + Level 11.0 Dodging
 + Level 14.9 Evocations


You had 10 spell levels left.
You didn't know any spells.
Your spell library was empty.

Dungeon Overview and Level Annotations

Branches:
Dungeon (1/1)

Altars:
Ashenzari
Cheibriados
Dithmenos
Elyvilon
Fedhas
Gozag
Hepliaklqana
Kikubaaqudgha
Makhleb
Nemelex Xobeh
Okawaru
Qazlal
Ru
Sif Muna
Trog
Uskayaw
Vehumet
Wu Jian
Xom
Yredelemnul
Zin
The Shining One
Beogh
Jiyva
Lugonu

Annotations:
D 1 transporter


Innate Abilities, Weirdness & Mutations

You can wield a second weapon in your off-hand.
It takes a long time for you to wield or remove held weapons.
Your first few attacks do less damage.
You cannot equip rings or amulets.


Message History

Your ynoxinul barely misses the draconian.
The draconian barely misses you.
The red draconian hits you but does no damage.
The red draconian misses you.
The black draconian hits you but does no damage.
The draconian barely misses you.
The draconian hits you but does no damage.
The green draconian misses you. x2
You feel better.
Your ynoxinul hits the draconian but does no damage.
The draconian barely misses you. The draconian closely misses you.
The black draconian hits you with a +1 flail of protection.
* * * LOW HITPOINT WARNING * * *
The red draconian hits you but does no damage.
The draconian hits you but does no damage.
The red draconian hits you with a +0 war axe!
* * * LOW HITPOINT WARNING * * *
The green draconian barely misses you. x2; Your ynoxinul hits the draconian.
Unknown command.
You feel much better.
Visions of slaying the red draconian flood into your mind.
The draconian hits you but does no damage.
The draconian hits you with a +0 morningstar.
* * * LOW HITPOINT WARNING * * *
The draconian hits you with a +1 hand axe of freezing!
* * * LOW HITPOINT WARNING * * *
The draconian freezes you.
* * * LOW HITPOINT WARNING * * *
The red draconian completely misses you.
The black draconian barely misses you.
The red draconian hits you with a +0 war axe.
* * * LOW HITPOINT WARNING * * *
The green draconian hits you but does no damage.
The green draconian barely misses you.
Your ynoxinul hits the draconian. The draconian misses you.
The draconian hits you but does no damage.
The draconian hits you with a +0 morningstar.
* * * LOW HITPOINT WARNING * * *
The red draconian hits you with a +0 long sword.
You die...

▓....©....▓...©...▓
▓▓▓▓▓▓▓▓▓▓▓▓▓▓▓▓▓▓▓
▓...ß©ß...▓..ß©ß..▓
▓..[)|:/..▓..).)..▓
▓...|"|...▓..:")..▓
▓...d.....▓.......▓
▓......3..▓...)...▓
▓....dd...▓...)...▓
▓...d@d...▓.......▓
▓.▓.ddd.▓.▓.†††...▓
▓....©....▓..)©...▓
▓▓▓▓▓▓▓▓▓▓▓▓▓▓▓▓▓▓▓


You could see a black draconian (unable to see you, drained), a green draconian
(unable to see you, drained), 2 draconians, a white draconian (unable to see
you, drained), 3 draconians and a friendly ynoxinul (summoned).

Vanquished Creatures
  A bone dragon (D)
  2 ugly things (D)
  2 cyclopes (D)
  6 wind drakes (D)
  A merfolk (D)
  Sigmund (D)
  A fire bat (shapeshifter) (D)
  A neqoxec (D)
  A swamp drake (shapeshifter) (D)
  A laughing skull (D)
  4 centaurs (D)
  Blork the orc (D)
  A bullfrog (D)
  A scorpion (shapeshifter) (D)
  A crimson imp (D)
  2 iron imps (D)
  Crazy Yiuf (D)
  Jessica (D)
  An iguana (D)
  3 jackals (D)
33 creatures vanquished.

Vanquished Creatures (collateral kills)
  A cyclops (D)
  2 merfolk (D)
  A centaur (D)
4 creatures vanquished.

Grand Total: 37 creatures vanquished

Notes
Turn   | Place    | Note
-------+----------+-------------------------------------------
     0 | D        | Revguard the Coglin Berserker began the quest for the Orb.
     0 | D        | Reached XP level 1. HP: 18/18 MP: 1/1
     0 | D        | Found a shimmering blue altar of Sif Muna.
     0 | D        | Found a bloodstained altar of Trog.
     0 | D        | Found a sacrificial altar of Ru.
     0 | D        | Found a stormy altar of Qazlal.
     0 | D        | Found an iron altar of Okawaru.
     1 | D        | Found a sparkling altar of Nemelex Xobeh.
     1 | D        | Found a blossoming altar of Fedhas.
     1 | D        | Found the +6 Majin-Bo {spellvamp, MP+6 Int+6}
     1 | D        | Found the +27 heavy crossbow "Sniper" {heavy, Acc+∞ SInv}
     1 | D        | Found the +10 dark maul {heavy}
     1 | D        | Found the +15 Maxwell's patent armour {-Cast -Tele rElec
                  | Will+ rCorr}
     1 | D        | Found the +18 shield of the Gong {Loud rN+ Will+ rCorr
                  | EV-5}
     1 | D        | Found the +16 obsidian axe {drain, demonic, Mesm ^Drain Fly
                  | SInv}
     1 | D        | Found the +7 great mace "Firestarter" {flame, immolate,
                  | rFlCloud rF++}
     1 | D        | Found the +6 shillelagh "Devastator" {shatter}
     1 | D        | Found the +11 plutonium sword {^Contam Stlth-}
     1 | D        | Found the +8 lance "Wyrmbane" {slay drac, rPois rF+ rC+
                  | AC+3}
     1 | D        | Found the +9 sword of Zonguldrok {reap}
     1 | D        | Found the +13 scythe of Curses {drain, curses, ^Drain}
     1 | D        | Found the +9 sword of Power {lifebolt}
     1 | D        | Found the +7 mace of Variability {chaos, chaos arc}
     1 | D        | Found the +11 Singing Sword {sonic wave}
     1 | D        | Found the +8 storm bow {elec, penet}
     3 | D        | Found a transporter.
     3 | D        | Found an ancient bone altar of Kikubaaqudgha.
     3 | D        | Found a viscous altar of Jiyva.
     3 | D        | Found a corrupted altar of Lugonu.
     3 | D        | Found a hazy altar of Hepliaklqana.
     3 | D        | Found a burning altar of Makhleb.
     3 | D        | Found an opulent altar of Gozag.
    60 | D        | Reached skill level 3 in Evocations
    60 | D        | Reached XP level 2. HP: 26/26 MP: 2/2
    63 | D        | Entered arena 2.
    63 | D        | Found a transporter.
    70 | D        | Entered arena 3.
    70 | D        | Noticed a bullfrog
    70 | D        | Found a transporter.
    73 | D        | Reached ** piety under Trog
    73 | D        | Killed a bullfrog
    74 | D        | Reached skill level 5 in Fighting
    74 | D        | Reached skill level 5 in Axes
    74 | D        | Reached skill level 4 in Evocations
    74 | D        | Reached XP level 3. HP: 34/34 MP: 3/3
    74 | D        | Reached XP level 4. HP: 40/40 MP: 4/4
    75 | D        | Reached skill level 5 in Evocations
    80 | D        | Entered arena 4.
    80 | D        | Noticed Sigmund
    80 | D        | Noticed Jessica
    80 | D        | Noticed Blork the orc
    80 | D        | Noticed Crazy Yiuf
    80 | D        | Found a transporter.
    82 | D        | Killed Crazy Yiuf
    83 | D        | Reached XP level 5. HP: 44/46 MP: 5/5
    85 | D        | Killed Blork the orc
    85 | D        | Reached *** piety under Trog
    85 | D        | Killed Jessica
    86 | D        | Reached skill level 5 in Armour
    86 | D        | Reached skill level 5 in Dodging
    86 | D        | Reached skill level 6 in Evocations
    86 | D        | Reached XP level 6. HP: 53/53 MP: 6/6
    88 | D        | Killed Sigmund
    89 | D        | Reached skill level 8 in Evocations
   110 | D        | Entered arena 5.
   110 | D        | Found a transporter.
   112 | D        | Reached **** piety under Trog
   113 | D        | Reached XP level 7. HP: 54/61 MP: 7/7
   114 | D        | Reached skill level 9 in Evocations
   126 | D        | Entered arena 6.
   126 | D        | Noticed a fire bat
   126 | D        | Noticed a brown ugly thing
   126 | D        | Noticed a green ugly thing
   126 | D        | Noticed a fire bat
   126 | D        | Found a transporter.
   129 | D        | a fire bat changed into a scorpion
   130 | D        | Killed a fire bat
   132 | D        | Killed a brown ugly thing
   132 | D        | Reached ***** piety under Trog
   132 | D        | Killed a green ugly thing
   133 | D        | Reached skill level 11 in Evocations
   133 | D        | Reached XP level 8. HP: 72/72 MP: 8/8
   133 | D        | Reached XP level 9. HP: 78/78 MP: 9/9
   180 | D        | Entered arena 7.
   180 | D        | Noticed a bone dragon
   182 | D        | Found a transporter.
   186 | D        | Received a gift from Trog
   187 | D        | Reached skill level 10 in Fighting
   187 | D        | Reached skill level 10 in Axes
   190 | D        | Killed a bone dragon
   191 | D        | Reached skill level 13 in Evocations
   191 | D        | Reached XP level 10. HP: 68/87 MP: 10/10
   256 | D        | Entered arena 8.
   257 | D        | Found a transporter.
   263 | D        | Reached skill level 10 in Armour
   263 | D        | Reached skill level 10 in Dodging
   265 | D        | Received a gift from Trog
   267 | D        | Reached skill level 14 in Evocations
   349 | D        | Entered arena 9.
   349 | D        | Noticed a cyclops
   349 | D        | Noticed a cyclops
   349 | D        | Noticed a cyclops
   352 | D        | Found a transporter.
   352 | D        | Killed a cyclops
   358 | D        | Killed a cyclops
   358 | D        | Received a gift from Trog
   359 | D        | Killed a cyclops
   360 | D        | Reached XP level 11. HP: 96/96 MP: 11/11
   365 | D        | Got the +7 plate armour of Distant Shores {rC+ Int-3 Dex+3
                  | SInv Stlth+}
   377 | D        | Entered arena 10.
   377 | D        | Noticed a green draconian
   377 | D        | Noticed a red draconian
   377 | D        | Noticed a black draconian
   377 | D        | Noticed a draconian
   377 | D        | Noticed a red draconian
   377 | D        | Noticed a white draconian
   377 | D        | Noticed a draconian
   377 | D        | Noticed a draconian
   378 | D        | Found a transporter.
   384 | D        | HP: 4/96 [white draconian/+0 halberd (4)]
   390 | D        | Slain by a red draconian

Illustrated notes

Levels and vault maps discovered:
D:        sprint_v [room_start, room_1, room_2, room_3, room_4, room_5, room_6,
          room_7, room_8, room_9, room_10, room_11, room_12, room_13, room_14,
          room_15, room_16, room_17, room_18, room_19, room_20, room_21,
          room_22, room_23, room_24, room_25, room_26, room_27]

Skill      XL: |  1  2  3  4  5  6  7  8  9 10 |
---------------+-------------------------------+-----
Fighting       | 4 5 6 7 9 11 12 | 12.4
Axes           | 4 5 6 7 9 11 12 | 12.4
Armour         | 3 4 5 6 8 9 11 | 11.0
Dodging        | 3 4 5 6 8 9 11 | 11.0
Evocations     | 3 4 5 6 8 11 13 14 | 14.9

Action                     |  1- 3 |  4- 6 |  7- 9 | 10-12 || total
---------------------------+-------+-------+-------+-------++-------
  Melee: Broad axe         |     6 |    10 |    28 |    20 ||    64
 Invoke: Berserk           |       |     1 |     2 |     1 ||     4
         Trog's Hand       |       |     1 |     2 |     1 ||     4
         Brothers in Arms  |       |       |       |     2 ||     2
    Use: Potion            |     1 |       |       |     8 ||     9
         Scroll            |       |       |     1 |       ||     1
   Stab: Invisible         |       |       |       |     4 ||     4
 Armour: Plate armour      |     2 |    23 |    23 |    92 ||   140
  Dodge: Dodged            |     2 |     7 |    10 |    53 ||    72

Table legend: (Time is in decaauts)
 A = Elapsed time spent in this place.
 B = Non-inter-level travel time spent in this place.
 C = Inter-level travel time spent in this place.
 D = Time resting spent in this place.
 E = Time spent auto-exploring this place.
 F = Levels seen in this place.
 G = Mean time per level.
                   A        B        C        D        E       F      G
               +--------+--------+--------+--------+--------+-----+--------+
         Total |    434 |    434 |      0 |    166 |      0 |   1 |  434.0 |
       Dungeon |    434 |    434 |      0 |    166 |      0 |   1 |  434.0 |
               +--------+--------+--------+--------+--------+-----+--------+

Top non-repeatable levels by time:
       D: 434 daAuts
